 Dungeon Crawl Stone Soup version 0.25-a0-803-g58bd18402a (webtiles) character file.

Game seed: 10579125923965748915, levelgen mode: deterministic

9001 Fukker the Grappler (level 11, -4/73 HPs)
             Began as a Purple Draconian Transmuter on Apr 19, 2020.
             Was a High Priest of Ru.
             Slain by a komodo dragon (32 damage)
             ... on level 1 of the Lair of Beasts.
             The game lasted 00:34:12 (9879 turns).

Fukker the Grappler (Purple Draconian Transmuter)   Turns: 9879, Time: 00:34:13

Health: -4/73      AC:  2    Str: 15    XL:     11   Next: 17%
Magic:  11/14      EV: 29    Int: 13    God:    Ru [*****.]
Gold:   618        SH:  0    Dex: 16    Spells: 3/14 levels left

rFire    x . .     SeeInvis .     - Unarmed
rCold    x . .     Gourm    .   (shield currently unavailable)
rNeg     . . .     Faith    .   (armour unavailable)
rPois    x         Spirit   .   (helmet currently unavailable)
rElec    .         Reflect  .   (cloak currently unavailable)
rCorr    .         Harm     .   (gloves currently unavailable)
MR       ++...                  (boots currently unavailable)
Stlth    +.........             (no amulet)
HPRegen  0.22/turn              L - ring of protection from magic
MPRegen  0.14/turn              f - +3 ring of evasion

@: spider-form
A: tiny, (breathe power), unfitting armour, dopey 1, frail 1, no potion heal 1,
temperature sensitive, AC +7
a: End Transformation, Draw Out Power, Power Leap, Apocalypse, Renounce Religion


You were on level 1 of the Lair of Beasts.
You worshipped Ru.
Ru was extremely pleased with you.
You were hungry.
You were a venomous arachnid creature.
You visited 2 branches of the dungeon, and saw 11 of its levels.

You collected 730 gold pieces.
You spent 112 gold pieces at shops.

Inventory:

Hand Weapons
 y - the +7 flail "Hafitar" (melded) {elec, rN+ Str+4 Int+2}
   (You found it on level 6 of the Dungeon)

   Occasionally, upon striking a foe, it will discharge some electrical energy
   and cause terrible harm.
   It affects your strength (+4).
   It affects your intelligence (+2).
   It protects you from negative energy.
Missiles
 a - 110 arrows
 g - 326 stones (quivered)
 s - 66 bolts
 t - 63 sling bullets
 M - 36 poisoned darts
Armour
 R - a scarf of repulsion (melded)
 S - a +1 hat (melded)
Jewellery
 f - a +3 ring of evasion (right front leg)
 n - an uncursed ring of stealth
 o - an uncursed ring of see invisible
 u - an uncursed ring of ice
 E - an uncursed ring of fire
 L - a ring of protection from magic (left front leg)
Wands
 q - a wand of iceblast (8)
 z - a wand of polymorph (10)
 J - a wand of flame (23)
 P - a wand of acid (8)
 Q - a wand of clouds (6)
Scrolls
 d - 2 scrolls of amnesia
 e - 7 scrolls of remove curse
 h - 4 scrolls of enchant weapon
 i - 2 scrolls of fog
 j - 2 scrolls of teleportation
 k - 3 scrolls of identify
 p - 2 scrolls of enchant armour {unknown}
 r - a scroll of immolation {unknown}
 C - 3 scrolls of blinking
 G - a scroll of fear
 N - a scroll of vulnerability {unknown}
Potions
 b - 2 potions of ambrosia {unknown}
 l - 2 potions of curing
 m - a potion of brilliance {unknown}
 v - 2 potions of magic {unknown}
 w - a potion of stabbing {unknown}
 x - 2 potions of mutation {unknown}
 A - a potion of haste {unknown}
 B - a potion of experience {unknown}
 D - 2 potions of resistance {unknown}
 F - a potion of flight {unknown}
 H - a potion of heal wounds
 I - a potion of might {unknown}
 K - 2 potions of degeneration {unknown}
 O - a potion of lignification {unknown}
Comestibles
 c - 15 rations


   Skills:
 + Level 3.1 Fighting
 - Level 1.7 Maces & Flails
 - Level 1.0 Throwing
 + Level 7.3 Dodging
 - Level 0.1 Stealth
 + Level 10.1 Unarmed Combat
 - Level 2.4 Spellcasting
 - Level 2.0 Necromancy
 + Level 9.4 Transmutations
 - Level 6.3 Ice Magic
 - Level 2.3 Poison Magic


You had 3 spell levels left.
You knew the following spells:

 Your Spells              Type           Power        Failure   Level  Hunger
a - Beastly Appendage     Tmut           ####..       3%          1    #......
b - Sticks to Snakes      Tmut           ####....     4%          2    ###....
c - Spider Form           Tmut/Pois      ###.......   19%         3    ###....
d - Animate Skeleton      Necr           N/A          26%         1    #......
e - Ice Form              Ice/Tmut       ###.....     24%         4    #####..

Your spell library contained the following spells:

 Spells                   Type           Power        Failure   Level  Hunger
 Apportation              Tloc           #.....       45%         1    #......
 Corona                   Hex            #......      45%         1    #......
 Foxfire                  Conj/Fire      #...         45%         1    #......
 Magic Dart               Conj           #...         45%         1    #......
 Summon Small Mammal      Summ           #...         45%         1    #......
 Searing Ray              Conj           #.....       58%         2    ###....
 Conjure Flame            Conj/Fire      #.......     78%         3    ###....
 Dazzling Flash           Conj/Hex       #.....       78%         3    ###....
 Inner Flame              Hex/Fire       #.......     78%         3    ###....
 Blade Hands              Tmut           ####......   32%         5    ######.
 Fulminant Prism          Conj/Hex       #.........   98%         4    #####..
 Iskenderun's Mystic Bla  Conj/Tloc      #.......     98%         4    #####..
 Sticky Flame             Conj/Fire      #.......     98%         4    #####..
 Fireball                 Conj/Fire      #.........   100%        5    ######.


Dungeon Overview and Level Annotations

Branches:
Dungeon (10/15)            Temple (0/1) D:4            Lair (1/6) D:10
    Orc: D:9-12

Altars:
Cheibriados
Elyvilon
Fedhas
Gozag
Okawaru
Ru
Trog
Uskayaw
Vehumet
Wu Jian
Yredelemnul

Shops:
D:6 *!}

Annotations:
Lair:1 exclusion: oklob plant


Innate Abilities, Weirdness & Mutations

((You can breathe bolts of dispelling energy.))
((Your rich purple scales are hard. (AC +7)))
You cannot fit into any form of body armour.
You are dopey. (Int -2)
You are frail. (-10% HP)
Potions are less effective at restoring your health.
((You are cold-blooded and may be slowed by cold attacks.))
You are sensitive to extremes of temperature. (rF-, rC-)


Message History

You redirect the porcupine's attack!
The porcupine bites itself!
The porcupine dies!
Casting: Ice Form (mildly dangerous; 9% risk of failure)
Confirm with . or Enter, or press ? or * to list all spells.
You turn into a venomous arachnid creature.
The +7 flail "Hafitar" {elec, rN+ Str+4 Int+2} melds into your body.
Your scarf of repulsion melds into your body.
Your +1 hat melds into your body.
The +7 flail "Hafitar" {elec, rN+ Str+4 Int+2} stops crackling.
The haze of the repulsion field disappears.
You are feeling hungry.
You hit the komodo dragon but do no damage.
The komodo dragon is poisoned.
The komodo dragon is stunned by your will and fails to attack.
You bite the komodo dragon!
The komodo dragon looks as sick as possible!
The komodo dragon is moderately wounded.
The komodo dragon bites you!!
You die...

## #.### #...# #...#
##...# # #######
######....#
#.#P.##.###.#......#.
..##....................
......ls.............(..
........................
....##..................
... #.#.................
. ^......[.............
......................
........##......#......
.
..##.######....#.#.#...
# ###.#†#######


You could see a komodo dragon.

Vanquished Creatures
  Nergalle (Lair:1)
  An unseen horror (D:10)
  Pikel (D:7)
  Maggie (D:6)
  3 blink frogs (Lair:1)
  9 yaks
  A hungry ghost (D:9)
  A basilisk (Lair:1)
  Edmund (D:6)
  A water moccasin (Lair:1)
  Duvessa (D:6)
  An ice beast (D:8)
  3 orc warriors
  3 sky beasts
  A slave (D:7)
  A centaur (D:10)
  A necrophage (D:10)
  2 ogres
  4 phantoms
  2 bullfrogs
  Dowan (D:6)
  A scorpion (D:6)
  14 killer bees
  2 howler monkeys (D:4)
  A crimson imp (D:5)
  A bullfrog zombie (D:5)
  A centaur zombie (D:6)
  2 jellies
  A centaur skeleton (D:5)
  3 hounds
  3 orc priests
  3 orc wizards
  6 iguanas
  5 worker ants
  A killer bee zombie (D:10)
  2 hound skeletons
  A gnoll (D:5)
  5 adders
  A shadow imp (D:8)
  2 oozes
  An adder skeleton (D:8)
  An adder zombie (D:8)
  2 dart slugs
  3 worms
  A leopard gecko (D:2)
  14 orcs
  2 ball pythons
  7 bats
  6 giant cockroaches
  11 goblins
  6 hobgoblins
  2 jackals (D:4)
  3 kobolds
  2 frilled lizards
  A giant cockroach zombie (D:5)
  3 jackal zombies
  2 leopard gecko skeletons (D:4)
  A quokka skeleton (D:4)
  A quokka zombie (D:7)
  5 rats
169 creatures vanquished.

Vanquished Creatures (collateral kills)
  Gastronok (Lair:1)
  An ogre (D:8)
  A crocodile (Lair:1)
  A bullfrog (Lair:1)
  2 gnolls (D:5)
  2 adders (D:2)
8 creatures vanquished.

Vanquished Creatures (others)
  A porcupine (Lair:1)
  An orc priest (D:7)
  An orc wizard (D:7)
  A mummy (D:7)
  6 orcs
10 creatures vanquished.

Grand Total: 187 creatures vanquished

Notes
Turn   | Place    | Note
-------+----------+-------------------------------------------
     0 | D:1      | Fukker the Draconian Transmuter began the quest for the
                  | Orb.
     0 | D:1      | Reached XP level 1. HP: 16/16 MP: 3/3
   118 | D:1      | Reached XP level 2. HP: 19/23 MP: 5/5
   142 | D:1      | Learned a level 2 spell: Sticks to Snakes
   725 | D:2      | Found a basalt altar of Yredelemnul.
   862 | D:2      | Found a sacrificial altar of Ru.
   871 | D:2      | Became a worshipper of Ru the Awakened
   887 | D:2      | Reached skill level 4 in Unarmed Combat
   887 | D:2      | Reached XP level 3. HP: 26/28 MP: 4/6
   963 | D:2      | Found a white marble altar of Elyvilon.
  1029 | D:2      | Found a faded altar of an unknown god.
  1311 | D:3      | Found a blossoming altar of Fedhas.
  1572 | D:3      | Reached XP level 4. HP: 35/35 MP: 5/7
  1586 | D:3      | Learned a level 3 spell: Spider Form
  1673 | D:3      | Found an ornate altar of the Wu Jian Council.
  2016 | D:3      | Found an iron altar of Okawaru.
  2205 | D:3      | Gained mutation: You are frail. (-10% HP) [Ru sacrifice]
  2205 | D:3      | Reached * piety under Ru
  2205 | D:3      | Reached ** piety under Ru
  2346 | D:4      | Found a staircase to the Ecumenical Temple.
  2383 | D:4      | Found an opulent altar of Gozag.
  2399 | D:4      | Reached skill level 5 in Unarmed Combat
  2399 | D:4      | Reached XP level 5. HP: 26/36 MP: 4/8
  2489 | D:4      | Found an opulent altar of Gozag.
  2543 | D:4      | Reached skill level 1 in Poison Magic
  2848 | D:5      | Entered Level 5 of the Dungeon
  2877 | D:5      | Reached XP level 6. HP: 33/42 MP: 9/9
  3121 | D:5      | Reached skill level 5 in Transmutations
  3369 | D:5      | Learned a level 1 spell: Animate Skeleton
  3660 | D:5      | Gained mutation: Potions are less effective at restoring
                  | your health. [Ru sacrifice]
  3870 | D:6      | Found Baxzefof's Gadget Shoppe.
  3894 | D:6      | Got an encrusted flail
  3895 | D:6      | Identified the +7 flail "Hafitar" {elec, rN+ Str+4 Int+2}
                  | (You found it on level 6 of the Dungeon)
  3932 | D:6      | Noticed Duvessa
  3932 | D:6      | Noticed Dowan
  3933 | D:6      | Noticed Edmund
  3959 | D:6      | Killed Duvessa
  3959 | D:6      | Your scales start taking on a rich purple colour.
  3959 | D:6      | Reached XP level 7. HP: 41/46 MP: 0/10
  3973 | D:6      | Killed Edmund
  3973 | D:6      | Reached skill level 6 in Unarmed Combat
  3980 | D:6      | Killed Dowan
  3980 | D:6      | Reached skill level 1 in Necromancy
  4373 | D:6      | Noticed Maggie
  4393 | D:6      | Killed Maggie
  4393 | D:6      | Reached skill level 7 in Unarmed Combat
  4393 | D:6      | Reached XP level 8. HP: 16/55 MP: 3/11
  4804 | D:6      | Found Ruzxe's Distillery.
  4945 | D:6      | Found Urun's General Store.
  4953 | D:6      | Bought a scroll of blinking for 112 gold pieces
  5148 | D:6      | Reached skill level 8 in Unarmed Combat
  5394 | D:7      | Found a bloodstained altar of Trog.
  5523 | D:7      | Noticed Pikel
  5539 | D:7      | Killed Pikel
  5539 | D:7      | Reached skill level 1 in Maces & Flails
  5539 | D:7      | Reached skill level 9 in Unarmed Combat
  5575 | D:7      | Learned a level 4 spell: Ice Form
  5910 | D:7      | Found a snail-covered altar of Cheibriados.
  5968 | D:7      | Gained mutation: You are sensitive to extremes of
                  | temperature. (rF-, rC-) [Ru sacrifice]
  5968 | D:7      | Reached *** piety under Ru
  5968 | D:7      | Reached **** piety under Ru
  5968 | D:7      | Reached ***** piety under Ru
  6119 | D:8      | Found a snail-covered altar of Cheibriados.
  6122 | D:8      | Reached XP level 9. HP: 45/61 MP: 2/12
  6386 | D:8      | Found a hide-covered altar of Uskayaw.
  6462 | D:8      | Reached skill level 1 in Ice Magic
  6973 | D:8      | Reached skill level 1 in Throwing
  7028 | D:9      | Found a radiant altar of Vehumet.
  7061 | D:9      | Reached skill level 10 in Unarmed Combat
  7977 | D:10     | Entered Level 10 of the Dungeon
  8150 | D:10     | Killed an unseen horror
  8150 | D:10     | Reached skill level 5 in Dodging
  8150 | D:10     | Reached XP level 10. HP: 34/67 MP: 13/13
  8792 | D:10     | Found a staircase to the Lair.
  8826 | D:10     | Gained mutation: You are dopey. (Int -2) [Ru sacrifice]
  8948 | D:10     | Reached skill level 5 in Ice Magic
  9196 | Lair:1   | Entered Level 1 of the Lair of Beasts
  9335 | Lair:1   | Noticed Nergalle
  9343 | Lair:1   | Killed Nergalle
  9369 | Lair:1   | Noticed an oklob plant
  9441 | Lair:1   | Noticed Gastronok
  9464 | Lair:1   | Killed Gastronok
  9464 | Lair:1   | Reached XP level 11. HP: 11/72 MP: 4/14
  9879 | Lair:1   | Slain by a komodo dragon

Levels and vault maps discovered:
D:1:      wander_arrival_desolate, layout_rooms, chequers_serial_rivers_room_a
D:2:      layout_rooms, lemuel_doored_altar, nicolae_ru_path_of_blood,
          lemuel_round_altar, chequers_ecumenical_altar_island, minivault_19,
          chequers_serial_rivers_small_3
D:3:      cheibrodos_greedy_goblins, layout_rooms, lemuel_crystal_altar,
          okawaru_ov_weapons_minmay, grunt_ministairs_12, fedhas_altar_3
D:4:      layout_cave_pools, old_standard_altar,
          minmay_temple_entry_antechambers, nicolae_gozag_seed_capital
D:5:      layout_basic, first_ration
D:6:      layout_cave_pods, serial_shops, nicolae_shop_crystal,
          nicolae_shop_waterfront, shop, serial_column_ruins, column_ruins_hut,
          column_ruins_grid_1, column_ruins_grid_1, column_ruins_grid_3,
          uniq_maggie, uniq_duvessa, uniq_edmund
D:7:      layout_basic, slow_altar_2, kennysheep_little_box, uniq_pikel
D:8:      layout_gridville, lemuel_coloured_pillars_altar, basic_altar
D:9:      layout_loops_ring, vehumet_altar_wand_db
D:10:     layout_loops_ring, lair_entry_dummy
Lair:1:   dpeg_oklob_gauntlet, layout_hall_layers, uniq_gastronok, uniq_nergalle

Skill      XL: |  1  2  3  4  5  6  7  8  9 10 11 |
---------------+----------------------------------+-----
Unarmed Combat | 4 5 7 9 10 | 10.1
Transmutations | 3 4 5 6 9 |  9.4
Poison Magic   | 1 2 |  2.3
Dodging        | 2 3 5 7 |  7.3
Necromancy     | 2 |  2.0
Fighting       | 2 3 |  3.1
Maces & Flails | 1 |  1.7
Ice Magic      | 4 6 |  6.3
Throwing       | 1 |  1.0
Stealth        | |  0.1
Spellcasting   | |  2.4

Action                   |  1- 3 |  4- 6 |  7- 9 | 10-12 || total
-------------------------+-------+-------+-------+-------++-------
Melee: Unarmed           |   118 |   173 |   115 |    74 ||   480
       Tailslap          |     9 |    19 |    10 |     9 ||    47
       Kick              |     4 |    20 |     1 |       ||    25
       Headbutt          |     2 |     4 |       |       ||     6
       Punch             |       |     1 |     4 |     5 ||    10
       Flail             |       |       |    72 |    58 ||   130
Throw: Stone             |       |     3 |    15 |     3 ||    21
 Cast: Beastly Appendage |    15 |    15 |     1 |       ||    31
       Sticks to Snakes  |     3 |     5 |     7 |     3 ||    18
       Spider Form       |       |     4 |    12 |     4 ||    20
       Animate Skeleton  |       |       |     9 |     7 ||    16
       Ice Form          |       |       |     2 |     4 ||     6
Invok: Sacrifice Health  |       |     1 |       |       ||     1
       Sacrifice Purity  |       |     1 |       |     1 ||     2
       Sacrifice Resista |       |       |     1 |       ||     1
       Power Leap        |       |       |       |     2 ||     2
       Apocalypse        |       |       |       |     1 ||     1
 Abil: Breathe Dispellin |       |       |     7 |     1 ||     8
  Use: Scroll            |       |       |     7 |       ||     7
       Potion            |       |       |     2 |       ||     2
 Stab: Sleeping          |     1 |     3 |     1 |       ||     5
       Distracted        |       |       |     4 |       ||     4
       Paralysed         |       |       |     3 |       ||     3
  Eat: Chunk             |     3 |     7 |    11 |     6 ||    27
       Ration            |       |       |     3 |       ||     3
Armor: Skin              |    28 |    28 |    25 |    11 ||    92
Dodge: Dodged            |    85 |   135 |   109 |    71 ||   400

Table legend:
 A = Non-vault XP
 B = Vault XP
 C = Vault XP percentage of total XP
 D = Non-vault monster count
 E = Vault monster count
 F = Vault count percentage of total count
                 A         B        C        D         E       F
            +---------+---------+-------+---------+---------+-------
      Total |    8574 |    4285 |  33.3 |     160 |      19 |  10.6
            +---------+---------+-------+---------+---------+-------
        D:1 |      24 |       0 |   0.0 |      13 |       0 |   0.0
        D:2 |      57 |       0 |   0.0 |      15 |       0 |   0.0
        D:3 |      44 |      25 |  36.2 |       9 |      11 |  55.0
        D:4 |     217 |       0 |   0.0 |      16 |       0 |   0.0
        D:5 |     344 |       0 |   0.0 |      15 |       0 |   0.0
        D:6 |     456 |     709 |  60.9 |      11 |       4 |  26.7
        D:7 |     126 |     588 |  82.4 |       4 |       1 |  20.0
        D:8 |     982 |       0 |   0.0 |      20 |       0 |   0.0
        D:9 |    1254 |       1 |   0.1 |      19 |       1 |   5.0
       D:10 |    2648 |       0 |   0.0 |      25 |       0 |   0.0
     Lair:1 |    2422 |    2962 |  55.0 |      13 |       2 |  13.3
            +---------+---------+-------+---------+---------+-------
